 Dungeon Crawl Stone Soup version 0.28.0 (webtiles) character file.

Game seed: 51597705634285068

2091 KamiKatze the Thaumaturge (level 9, -1/45 HPs)
             Began as a Deep Elf Conjurer on Feb 7, 2022.
             Shot with an arrow by a centaur (11 damage)
             ... on level 6 of the Dungeon.
             The game lasted 00:30:19 (6570 turns).

KamiKatze the Thaumaturge (Deep Elf Conjurer)       Turns: 6570, Time: 00:30:20

Health: -1/45      AC:  3    Str:  4    XL:     9   Next: 6%
Magic:  12/23      EV: 12    Int: 28    God:
Gold:   224        SH:  0    Dex: 13    Spells: 14/25 levels left

rFire   . . .      SeeInvis .   a - +0 dagger
rCold   . . .      Faith    .   (no shield)
rNeg    . . .      Spirit   .   c - +0 robe
rPois   .          Reflect  .   (no helmet)
rElec   .          Harm     .   (no cloak)
rCorr   .          Rampage  .   (no gloves)
Will    .....                   f - +0 pair of boots
Stlth   ++........              q - amulet of the acrobat
HPRegen 0.15/turn               (no ring)
MPRegen 0.18/turn               (no ring)

@: no status effects
A: no striking features
a: no special abilities


You were on level 6 of the Dungeon.
You visited 2 branches of the dungeon, and saw 7 of its levels.
You also visited: Ossuary.

You collected 224 gold pieces.

Inventory:

Hand Weapons
 a - a +0 dagger (weapon)
Missiles
 u - a throwing net
Armour
 c - a +0 robe (worn)
 f - a +0 pair of boots (worn)
 k - a +0 leather armour
 s - a scarf of shadows
Jewellery
 q - an amulet of the acrobat (around neck)
Wands
 t - a wand of flame (12)
Scrolls
 g - a scroll of brand weapon {unknown}
 h - a scroll of vulnerability
 m - a scroll of enchant armour {unknown}
 n - a scroll of identify
Potions
 b - 4 potions of curing
 d - a potion of heal wounds
 i - 2 potions of brilliance
 j - 3 potions of might
 l - a potion of magic
 o - 2 potions of attraction
 p - 2 potions of haste
 r - 2 potions of flight


   Skills:
 - Level 0.1 Fighting
 - Level 3.0 Dodging
 - Level 3.0 Stealth
 * Level 8.6 Spellcasting
 * Level 8.0 Conjurations
 * Level 7.1 Hexes
 * Level 6.0 Translocations


You had 14 spell levels left.
You knew the following spells:

 Your Spells              Type           Power      Damage    Failure   Level
a - Magic Dart            Conj           100%       1d8       1%          1
b - Searing Ray           Conj           100%       2d8       1%          2
c - Fulminant Prism       Conj/Hex       26%        3d14      1%          4
d - Iskenderun's Mystic   Conj/Tloc      51%        2d11      2%          4

Your spell library contained the following spells:

 Spells                   Type           Power      Damage    Failure   Level
 Shock                    Conj/Air       100%       1d9       1%          1
 Slow                     Hex            100%       N/A       1%          1
 Confusing Touch          Hex            51%        N/A       1%          3
 Dazzling Flash           Conj/Hex       100%       N/A       1%          3
 Stone Arrow              Conj/Erth      68%        3d11      2%          3
 Corpse Rot               Necr/Air       24%        N/A       7%          2
 Swiftness                Air            12%        N/A       14%         3
 Vampiric Draining        Necr           12%        2d6       14%         3
 Airstrike                Air            6%         N/A       43%         4
 Animate Armour           Summ/Erth      24%        N/A       43%         4
 Animate Dead             Necr           6%         N/A       43%         4
 Dispel Undead            Necr           12%        3d9       43%         4
 Borgnjor's Vile Clutch   Necr/Erth      6%         N/A       78%         5
 Death Channel            Necr           6%         N/A       100%        6
 Lehudib's Crystal Spear  Conj/Erth      17%        10d5      100%        8


Dungeon Overview and Level Annotations

Branches:
Dungeon (6/15)             Temple (1/1) D:4         Ossuary (visited)

Altars:
Cheibriados
Dithmenos
Elyvilon
Fedhas
Gozag
Hepliaklqana
Nemelex Xobeh
Okawaru
Qazlal
Ru
Uskayaw
Wu Jian
Xom
Yredelemnul
The Shining One

Annotations:
D:5 3 runed translucent doors, exclusion: 3 doors, Crazy Yiuf; Longtemps's ghost, novice OpFE
D:6 Maggie; Pikel


Message History

The hound barely misses you.
You hear a shout!
Found 10 stones.
Unknown command.
Casting: Fulminant Prism (dangerous; 1% risk of failure)
Confirm with . or Enter, or press ? or * to list all spells.
You erupt in a blast of force!
The mystic blast hits the hound!
The hound is heavily wounded.
The hound is knocked back by the mystic blast.
Casting: Iskenderun's Mystic Blast (dangerous; 2% risk of failure)
Confirm with . or Enter, or press ? or * to list all spells.
You erupt in a blast of force!
The mystic blast hits the hound!
You kill the hound!
Maggie the Vainglorious comes into view.
She is wielding a +0 glaive.
Your Translocations skill increases to level 6!
Casting: Iskenderun's Mystic Blast (dangerous; 2% risk of failure)
Confirm with . or Enter, or press ? or * to list all spells.
Aiming: Fulminant Prism (dangerous; 1% risk of failure)
Press: ? - help, Dir - move target You conjure a prism of explosive energy!
A fulminant prism comes into view.
Pikel, Merchant of Souls comes into view.
He is wielding a +1 whip of freezing.
Your fulminant prism crackles loudly.
Pikel enters a dispersal trap!
You blink.
A centaur comes into view.
Found a scroll of summoning.
Your fulminant prism explodes!
The blast of energy engulfs Maggie!!
Maggie is moderately wounded.
The blast of energy engulfs you!!
Ouch! That really hurt!
* * * LOW HITPOINT WARNING * * *
You hear a howl!
You hear a shout!
As you read the scroll labelled ETEALI SIF YTEH, it crumbles to dust.
The creatures around you are filled with an inner flame!
It was a scroll of immolation.
The centaur wields a +0 shortbow.
The centaur shoots an arrow.
The arrow hits you!
* * * LOW HITPOINT WARNING * * *
The centaur shoots an arrow.
The arrow hits you!
You die...

. .. ≈≈≈ ≈≈.≈..
......
##..#####.(.≈..
.......@.......
.....c.........
#...###@.......
##. #.#......
#K##?....
#..####.# #...#
.....K.§# #'##
#..###### .#


You could see Maggie (inner flame), Pikel (inner flame) and a centaur (inner
flame).

Vanquished Creatures
  A necrophage (D:4)
  A centaur (D:6)
  An ogre (D:4)
  2 lemures (D:6)
  A gnoll sergeant (D:6)
  10 scorpions
  A wyvern skeleton (D:4)
  2 water moccasin skeletons
  3 wights (D:4)
  2 howler monkeys
  6 human zombies (Ossuary)
  2 centaur zombies (Ossuary)
  2 centaur skeletons
  2 orc priests
  3 hounds
  Ijyb (D:5)
  An iguana (D:5)
  An orc wizard (D:5)
  3 scorpion zombies (Ossuary)
  3 mummies (Ossuary)
  3 gnolls (D:6)
  5 adders
  A white imp (D:4)
  An adder skeleton (D:4)
  2 worms (D:2)
  5 dart slugs
  17 orcs
  7 bats
  3 endoplasms (D:1)
  4 giant cockroaches
  A gnoll zombie (Ossuary)
  10 goblins
  5 hobgoblins
  13 jackals
  8 quokkas
  4 ball pythons
  2 frilled lizards
  2 goblin zombies
  A hobgoblin zombie (Ossuary)
  2 kobolds
  A kobold zombie (Ossuary)
  4 orc zombies (Ossuary)
  3 rats
152 creatures vanquished.

Vanquished Creatures (others)
  53 fulminant prisms
  A plant (D:6)
54 creatures vanquished.

Grand Total: 206 creatures vanquished

Notes
Turn   | Place    | Note
-------+----------+-------------------------------------------
     0 | D:1      | KamiKatze the Deep Elf Conjurer began the quest for the
                  | Orb.
     0 | D:1      | Reached XP level 1. HP: 10/10 MP: 6/6
   179 | D:1      | Reached XP level 2. HP: 15/15 MP: 0/8
   425 | D:1      | Learned a level 2 spell: Searing Ray
   492 | D:1      | Reached XP level 3. HP: 19/19 MP: 3/10
  1025 | D:2      | Reached skill level 5 in Conjurations
  1155 | D:2      | Reached XP level 4. HP: 24/24 MP: 8/12
  1338 | D:2      | Learned a level 4 spell: Fulminant Prism
  1343 | D:2      | Learned a level 4 spell: Iskenderun's Mystic Blast
  1560 | D:3      | Reached skill level 1 in Hexes
  1855 | D:3      | Reached skill level 1 in Translocations
  1855 | D:3      | Reached XP level 5. HP: 13/28 MP: 7/14
  2160 | D:4      | Found a staircase to the Ecumenical Temple.
  2192 | Temple   | Entered the Ecumenical Temple
  2314 | D:4      | Reached skill level 5 in Spellcasting
  2334 | D:4      | Reached XP level 6. HP: 28/32 MP: 4/15
  2676 | D:4      | Found a hide-covered altar of Uskayaw.
  2757 | D:4      | Reached XP level 7. HP: 25/36 MP: 9/17
  2944 | D:4      | Found an opulent altar of Gozag.
  3050 | D:5      | Entered Level 5 of the Dungeon
  3103 | D:5      | Found an iron altar of Okawaru.
  3315 | D:5      | Found a sand-covered staircase.
  3324 | Ossuary  | Entered an ossuary
  3724 | Ossuary  | Reached skill level 5 in Hexes
  3730 | Ossuary  | Reached XP level 8. HP: 24/41 MP: 1/20
  4445 | Ossuary  | Reached skill level 5 in Translocations
  4940 | D:5      | Noticed Ijyb
  5100 | D:5      | Found a large runed translucent door.
  5101 | D:5      | Found a large runed translucent door.
  5103 | D:5      | Noticed Longtemps's ghost (novice OpFE)
  5202 | D:5      | Found a sparkling altar of Nemelex Xobeh.
  5458 | D:5      | Found a runed translucent door.
  5459 | D:5      | Noticed Crazy Yiuf
  5628 | D:5      | Found an ornate altar of the Wu Jian Council.
  5908 | D:6      | Found a blossoming altar of Fedhas.
  6204 | D:6      | Reached XP level 9. HP: 23/45 MP: 15/23
  6297 | D:5      | Killed Ijyb
  6566 | D:6      | Noticed Maggie
  6568 | D:6      | Noticed Pikel
  6570 | D:6      | Shot with an arrow by a centaur

Illustrated notes

Levels and vault maps discovered:
D:1:      dpeg_arrival_castle, layout_rooms
D:2:      layout_rooms
D:3:      layout_rooms
D:4:      layout_rooms, kennysheep_mini_moat, nicolae_gozag_seed_capital,
          minmay_temple_entry_metal_lava, hex_intersection
D:5:      layout_gridville, mainiacjoe_overflow_alcove_1,
          okawaru_ov_weapons_minmay, nicolae_wu_jian_glorious_leap,
          enter_ossuary_3, ebering_ghost_disaster_area, uniq_ijyb,
          uniq_crazy_yiuf_cottage
D:6:      layout_loops_corners, fedhas_ov_isle_minmay, serial_rivers,
          chequers_serial_rivers_room_b, chequers_serial_rivers_micro_e,
          chequers_serial_rivers_small_3, chequers_serial_rivers_micro_c,
          chequers_serial_rivers_micro_b, uniq_maggie, uniq_pikel
Temple:   nicolae_temple_figure_zero

Skill      XL: |  1  2  3  4  5  6  7  8  9 |
---------------+----------------------------+-----
Stealth        | 3 |  3.0
Dodging        | 3 |  3.0
Spellcasting   | 4 5 7 8 |  8.6
Conjurations   | 5 6 7 8 |  8.0
Hexes          | 1 2 3 5 7 |  7.1
Translocations | 1 2 3 4 5 6 |  6.0
Fighting       | |  0.1

Action                   |  1- 3 |  4- 6 |  7- 9 || total
-------------------------+-------+-------+-------++-------
Melee: Dagger            |     5 |       |     6 ||    11
 Cast: Magic Dart        |    77 |    56 |    21 ||   154
       Searing Ray       |     3 |    22 |    17 ||    42
       Fulminant Prism   |       |       |    53 ||    53
       Iskenderun's Myst |       |       |    17 ||    17
  Use: Scroll            |       |       |    15 ||    15
       Potion            |       |       |     1 ||     1
Armor: Robe              |     2 |    10 |     9 ||    21
Dodge: Dodged            |     4 |    13 |    38 ||    55
